 Dungeon Crawl Stone Soup version 0.26-a0-812-g31a745ddcd (webtiles) character file.

Game seed: 9504739205232873768

4576 kae the Martial Artist (level 10, -1/59 HPs)
             Began as a Tengu Transmuter on Nov 24, 2020.
             Was a Follower of Wu Jian.
             Slain by a gnoll sergeant
             ... wielding a +4 vorpal spear
              (3 damage)
             ... on level 9 of the Dungeon.
             The game lasted 00:07:27 (10175 turns).

kae the Martial Artist (Tengu Transmuter)          Turns: 10175, Time: 00:07:27

Health: -1/59      AC:  2    Str: 14    XL:     10   Next: 41%
Magic:  18/18      EV: 31    Int: 14    God:    Wu Jian [*.....]
Gold:   390        SH:  0    Dex: 25    Spells: 10/19 levels left

rFire    . . .     SeeInvis .     - Unarmed
rCold    . . .     Faith    .   (shield currently unavailable)
rNeg     . . .     Spirit   .   (armour currently unavailable)
rPois    x         Reflect  .   (helmet currently unavailable)
rElec    .         Harm     .   (cloak currently unavailable)
rCorr    .         Rampage  .   (gloves currently unavailable)
MR       .....                  (boots unavailable)
Stlth    ++........             e - amulet of magic regeneration
HPRegen  0.19/turn              r - +4 ring of evasion
MPRegen  0.41/turn              i - +6 ring of dexterity

@: spider-form (expiring)
A: tiny, able to fly
a: Fly, End Transformation, Renounce Religion


You were on level 9 of the Dungeon.
You worshipped Wu Jian.
Wu Jian was aware of your devotion.
You were a venomous arachnid creature.
You visited 2 branches of the dungeon, and saw 10 of its levels.

You collected 501 gold pieces.
You spent 111 gold pieces at shops.

Inventory:

Armour
 a - a +0 robe
 o - a +2 robe of magic resistance
 B - +0 steam dragon scales (melded)
 D - a scarf of invisibility (melded)
Jewellery
 e - an amulet of magic regeneration (around neck)
 i - a +6 ring of dexterity (right front leg)
 q - an uncursed ring of protection from magic
 r - a +4 ring of evasion (left front leg)
 A - an uncursed ring of stealth
 F - an uncursed ring of see invisible {unknown}
 G - an uncursed amulet of faith
Wands
 j - a wand of digging (12)
 u - a wand of acid (6)
 x - a wand of iceblast (18)
Scrolls
 h - 4 scrolls of blinking
 k - 2 scrolls of magic mapping
 l - a scroll of teleportation
 m - 4 scrolls of enchant weapon
 p - 3 scrolls of identify
 t - 2 scrolls of amnesia
 y - 3 scrolls of fear
 C - 2 scrolls of remove curse
 E - a scroll of fog
Potions
 b - a potion of mutation
 c - 3 potions of attraction
 d - a potion of brilliance
 f - 2 potions of curing
 g - 2 potions of magic
 n - 3 potions of haste
 s - 5 potions of might
 v - a potion of heal wounds
 w - a potion of lignification
 z - a potion of resistance


   Skills:
 + Level 5.0 Fighting
 + Level 5.3 Armour
 + Level 6.0 Dodging
 * Level 8.8 Unarmed Combat
 + Level 5.0 Spellcasting
 * Level 6.3 Transmutations
 - Level 3.0 Poison Magic


You had 10 spell levels left.
You knew the following spells:

 Your Spells              Type           Power        Failure   Level
a - Beastly Appendage     Tmut           ###...       6%          1
b - Spider Form           Tmut/Pois      ###.......   21%         3
c - Blade Hands           Tmut           ###.......   58%         5

Your spell library contained the following spells:

 Spells                   Type           Power        Failure   Level
 Wereblood                Tmut           ###.....     8%          2
 Animate Skeleton         Necr           #.....       36%         1
 Freeze                   Ice            #...         36%         1
 Pain                     Necr           #...         36%         1
 Ice Form                 Ice/Tmut       ##......     65%         4
 Frozen Ramparts          Ice            #.....       67%         3
 Ozocubu's Armour         Ice            #.......     67%         3
 Vampiric Draining        Necr           #.........   67%         3
 Animate Dead             Necr           #.........   95%         4
 Hailstorm                Conj/Ice       #.......     95%         4
 Summon Ice Beast         Ice/Summ       #.......     95%         4
 Agony                    Necr           #.......     100%        5
 Metabolic Englaciation   Hex/Ice        #.........   100%        5
 Freezing Cloud           Conj/Ice/Air   #.........   100%        6
 Ozocubu's Refrigeration  Ice            #.........   100%        6
 Simulacrum               Ice/Necr       #.........   100%        6


Dungeon Overview and Level Annotations

Branches:
Dungeon (9/15)             Temple (1/1) D:6             Orc (0/2) D:9
   Lair: D:8-11

Altars:
Ashenzari
Cheibriados
Dithmenos
Elyvilon
Fedhas
Gozag
Hepliaklqana
Kikubaaqudgha
Makhleb
Nemelex Xobeh
Okawaru
Qazlal
Ru
Sif Muna
Trog
Uskayaw
Vehumet
Wu Jian
Xom
Yredelemnul
Zin
The Shining One

Shops:
D:5 !!

Annotations:
D:2 1 runed translucent door, Crazy Yiuf
D:7 1 runed translucent door, MoonlitKnight's ghost, novice MfGl
D:8 2 transporters, MoonlitKnight's ghost, novice DDFi


Innate Abilities, Weirdness & Mutations

((You have a beak for a mouth.))
((You have claws for feet.))
You can fly continuously.


Message History

The gnoll is severely wounded.
The gnoll sergeant misses you. The gnoll closely misses you.
You hit the gnoll.
You kill the gnoll!
The Council accepts your kill.
Your transformation is almost over.
The gnoll sergeant completely misses you.
You hit the gnoll sergeant but do no damage.
The gnoll sergeant blocks your attack. The gnoll sergeant closely misses you.
You hit the gnoll sergeant.
The gnoll sergeant is moderately wounded.
The gnoll sergeant misses you.
You hit the gnoll sergeant.
The gnoll sergeant is poisoned.
The gnoll sergeant is heavily wounded.
The gnoll sergeant closely misses you. The gnoll sergeant blocks your attack.
The gnoll sergeant is heavily wounded.
The gnoll sergeant hits you with a +4 vorpal spear!
* * * LOW HITPOINT WARNING * * *
You die...

#. #.....######
#..........#
#..........#
#..........#
#..........#
#.....#....#
#.....#....# .
#.....#....#
....###s########
......)g..#
..........+
..........#
#####.....#
.......
.........
...........
...##....##'#


You could see a gnoll sergeant (poisoned).

Vanquished Creatures
  Harold (D:7)
  Psyche (D:8)
  Maggie (D:7)
  Eustachio (D:3)
  A water moccasin (D:7)
  Duvessa (D:4)
  A swamp drake (D:9)
  An ice beast (D:9)
  A hornet zombie (D:9)
  2 ogres (D:9)
  A necrophage (D:8)
  3 orc warriors (D:9)
  2 phantoms
  A big kobold (D:8)
  Blork the orc (D:4)
  6 bullfrogs
  Dowan (D:4)
  A water moccasin zombie (D:8)
  4 killer bees (D:9)
  2 howler monkeys
  3 wights (D:6)
  3 quasits
  A bullfrog skeleton (D:8)
  A jelly (D:5)
  An orc priest (D:9)
  A centaur skeleton (D:9)
  4 hounds
  An iguana (D:6)
  Ijyb (D:3)
  6 orc wizards
  3 worker ants
  A hound zombie (D:6)
  8 gnolls
  10 adders
  A shadow imp (D:6)
  2 white imps
  An ooze (D:1)
  2 adder skeletons
  2 worms
  A dart slug (D:3)
  4 leopard geckos
  25 orcs
  6 giant cockroaches
  7 goblins
  6 hobgoblins
  7 jackals (D:7)
  8 quokkas
  A ball python (D:3)
  5 bats
  2 frilled lizards
  A giant cockroach zombie (D:5)
  A jackal skeleton (D:5)
  A jackal zombie (D:8)
  11 kobolds
  2 leopard gecko skeletons
  A quokka skeleton (D:6)
  8 rats
182 creatures vanquished.

Vanquished Creatures (others)
  8 plants (D:3)
8 creatures vanquished.

Grand Total: 190 creatures vanquished

Notes
Turn   | Place    | Note
-------+----------+-------------------------------------------
     0 | D:1      | kae the Tengu Transmuter began the quest for the Orb.
     0 | D:1      | Reached XP level 1. HP: 12/12 MP: 4/4
   235 | D:1      | Reached XP level 2. HP: 16/16 MP: 4/6
   769 | D:2      | Reached XP level 3. HP: 16/20 MP: 7/7
   774 | D:2      | Learned a level 3 spell: Spider Form
  1622 | D:2      | Reached XP level 4. HP: 25/25 MP: 6/8
  1781 | D:2      | Reached skill level 4 in Unarmed Combat
  1962 | D:2      | Reached skill level 1 in Armour
  2287 | D:2      | Reached skill level 1 in Poison Magic
  2427 | D:2      | Found a runed translucent door.
  2428 | D:2      | Noticed Crazy Yiuf
  2884 | D:3      | Noticed Ijyb
  2886 | D:3      | Found a faded altar of an unknown god.
  2899 | D:3      | Killed Ijyb
  2899 | D:3      | Gained mutation: You can fly continuously. [Tengu growth]
  2899 | D:3      | Reached XP level 5. HP: 30/30 MP: 6/9
  3139 | D:4      | Noticed Eustachio
  3169 | D:3      | Killed Eustachio
  3169 | D:3      | Reached XP level 6. HP: 8/35 MP: 3/10
  3548 | D:4      | Found a broken altar of Ashenzari.
  3965 | D:4      | Found an opulent altar of Gozag.
  4053 | D:4      | Found a blossoming altar of Fedhas.
  4152 | D:4      | Noticed Blork the orc
  4171 | D:4      | Killed Blork the orc
  4171 | D:4      | Reached XP level 7. HP: 2/40 MP: 12/12
  4493 | D:4      | Noticed Duvessa
  4494 | D:4      | Noticed Dowan
  4514 | D:4      | Killed Duvessa
  4514 | D:4      | Reached skill level 5 in Unarmed Combat
  4530 | D:4      | Killed Dowan
  4766 | D:5      | Entered Level 5 of the Dungeon
  4924 | D:5      | Found Conufim's Distillery.
  4932 | D:5      | Bought a potion of heal wounds for 55 gold pieces
  4940 | D:5      | Found an iron altar of Okawaru.
  4950 | D:5      | Found Zacw's Distillery.
  4956 | D:5      | Bought a potion of lignification for 42 gold pieces
  4956 | D:5      | Bought a potion of degeneration for 14 gold pieces
  4998 | D:5      | Found a shimmering altar of Xom.
  5415 | D:5      | Found a shimmering blue altar of Sif Muna.
  5526 | D:6      | Found a staircase to the Ecumenical Temple.
  5639 | Temple   | Entered the Ecumenical Temple
  5741 | D:6      | Found a snail-covered altar of Cheibriados.
  5861 | D:6      | Reached XP level 8. HP: 33/45 MP: 13/13
  6455 | D:7      | Noticed Harold
  6477 | D:7      | Killed Harold
  6477 | D:7      | Reached skill level 6 in Unarmed Combat
  6477 | D:7      | Reached XP level 9. HP: 33/52 MP: 14/16
  6603 | D:7      | Found a broken altar of Ashenzari.
  6687 | D:7      | Noticed Maggie
  6706 | D:7      | Killed Maggie
  6706 | D:7      | Reached skill level 7 in Unarmed Combat
  6706 | D:7      | Reached skill level 5 in Transmutations
  6925 | D:7      | Noticed MoonlitKnight's ghost (novice MfGl)
  6929 | D:7      | Found a runed translucent door.
  7055 | D:7      | Reached skill level 5 in Dodging
  7320 | D:7      | Found a glowing silver altar of Zin.
  7584 | D:8      | Found an ornate altar of the Wu Jian Council.
  7612 | D:8      | Became a worshipper of the Wu Jian Council
  8037 | D:8      | Noticed Psyche
  8050 | D:8      | Killed Psyche
  8050 | D:8      | Reached skill level 8 in Unarmed Combat
  8149 | D:8      | Found a hide-covered altar of Uskayaw.
  8206 | D:8      | Reached XP level 10. HP: 52/58 MP: 16/18
  8237 | D:8      | Found a white marble altar of Elyvilon.
  8485 | D:8      | Found a transporter.
  8485 | D:8      | Noticed MoonlitKnight's ghost (novice DDFi)
  8511 | D:8      | Found a transporter.
  8614 | D:9      | Reached skill level 5 in Armour
  8621 | D:9      | Reached * piety under Wu Jian
  9609 | D:9      | Learned a level 5 spell: Blade Hands
  9626 | D:9      | Found a staircase to the Orcish Mines.
  9693 | D:9      | Reached skill level 5 in Fighting
  9693 | D:9      | Reached skill level 5 in Spellcasting
 10175 | D:9      | HP: 2/59 [gnoll sergeant/+4 vorpal spear (13)]
 10175 | D:9      | Slain by a gnoll sergeant

Illustrated notes

Levels and vault maps discovered:
D:1:      mushboom_english_gardens, layout_basic, minmay_hedge_maze
D:2:      layout_loops_corners, uniq_crazy_yiuf_cottage
D:3:      layout_basic, chequers_ecumenical_altar_simple_redux,
          serial_bayou_lagoon_a, uniq_ijyb
D:4:      layout_gridville, nicolae_gozag_cash_rules_everything_around_me,
          marbit_many_paths, cheibrodos_ashenzari_chains,
          minmay_increasing_density, uniq_blork_the_orc, uniq_duvessa,
          uniq_eustachio
D:5:      layout_basic, overflow_temple_1_default, kennysheep_mini_moat,
          old_standard_altar, serial_shops, shop,
          nicolae_shop_temple_entry_statues_fountains
D:6:      layout_loops_ring, minmay_temple_entry_trees, cheibriados_altar_1
D:7:      layout_basic, lemuel_coloured_pillars_altar, basic_altar,
          hellmonk_ghost_happy_afterlife, uniq_harold, uniq_maggie
D:8:      layout_basic, elyvilon_altar_5, eat_drink_and_be_merry_uskayaw,
          old_standard_altar, gammafunk_ghost_stat_death, uniq_psyche
D:9:      layout_grid_maze, erik_orc_1
Temple:   nicolae_temple_x_marks_the_god

Skill      XL: |  1  2  3  4  5  6  7  8  9 10 |
---------------+-------------------------------+-----
Transmutations | 2 3 4 5 6 |  6.3
Unarmed Combat | 4 5 6 8 |  8.8
Armour         | 1 2 3 4 5 |  5.3
Poison Magic   | 1 2 3 |  3.0
Fighting       | 2 3 4 5 |  5.0
Dodging        | 3 4 5 6 |  6.0
Spellcasting   | 3 4 5 |  5.0

Action                   |  1- 3 |  4- 6 |  7- 9 | 10-12 || total
-------------------------+-------+-------+-------+-------++-------
Melee: Unarmed           |    63 |   136 |   246 |   140 ||   585
       Peck              |    12 |    11 |    17 |     2 ||    42
       Kick              |    12 |    26 |    20 |     4 ||    62
       Headbutt          |     6 |     9 |     6 |       ||    21
       Punch             |     1 |     4 |     3 |     1 ||     9
 Cast: Beastly Appendage |    20 |    23 |     9 |       ||    52
       Spider Form       |       |     9 |    22 |    14 ||    45
Invok: Lunge             |       |       |     1 |     8 ||     9
       Whirlwind         |       |       |       |     2 ||     2
Evoke: Wand              |       |       |     4 |       ||     4
  Use: Scroll            |       |    15 |     3 |     3 ||    21
       Potion            |       |     3 |       |     1 ||     4
 Stab: Sleeping          |     2 |     4 |     2 |       ||     8
Armor: Robe              |    10 |     7 |    22 |       ||    39
       Skin              |       |     2 |     5 |    26 ||    33
Dodge: Dodged            |    56 |   119 |   224 |   141 ||   540

Table legend: (Time is in decaauts)
 A = Elapsed time spent in this place.
 B = Non-inter-level travel time spent in this place.
 C = Inter-level travel time spent in this place.
 D = Time resting spent in this place.
 E = Time spent auto-exploring this place.
 F = Levels seen in this place.
 G = Mean time per level.
                   A        B        C        D        E       F      G
               +--------+--------+--------+--------+--------+-----+--------+
         Total |  10126 |   9800 |    326 |    607 |   7733 |  10 | 1012.6 |
       Dungeon |  10048 |   9722 |    326 |    607 |   7672 |   9 | 1116.4 |
        Temple |     77 |     77 |      0 |      0 |     61 |   1 |   77.0 |
               +--------+--------+--------+--------+--------+-----+--------+

Top non-repeatable levels by time:
     D:2: 1711 daAuts
     D:9: 1594 daAuts
     D:4: 1254 daAuts
     D:7: 1062 daAuts
     D:3: 1048 daAuts
     D:8: 983 daAuts
     D:6: 905 daAuts
     D:1: 747 daAuts
     D:5: 742 daAuts
  Temple: 77 daAuts
